Map: Jagannatha LE

Players

Rail

  • Race: Protoss Protoss

ShaDoWn - Winner!

  • Race: Protoss Protoss

Event: DreamHack SC2 Masters 2021 Winter

VOD

Have the link to the VOD?

Description

Time

  • Played on: Oct. 1, 2021, 1:01 p.m.
  • Length: 7:56

All games in this series

Show
View Real Time Build Order
Export as new Build Order

Rail Protoss 

Build Orders: Phoenix Opening, Zealot Archon 

Get SALT Encoding   

  12  0:01  Probe  
  13  0:13  Probe  
  14  0:17  Pylon  
  14  0:25  Probe (Chrono Boost)  
  15  0:36  Gateway  
  15  0:37  Probe (Chrono Boost)  
  16  0:45  Probe (Chrono Boost)  
  16  0:46  Assimilator  
  17  0:51  Probe  
  17  0:54  Assimilator  
  18  1:03  Probe (Chrono Boost)  
  19  1:08  Gateway  
  19  1:14  Probe (Chrono Boost)  
  20  1:18  Probe (Chrono Boost)  
  20  1:24  Cybernetics Core  
  21  1:30  Probe  
  22  1:35  Pylon  
  22  1:42  Probe  
  23  1:54  Probe  
  24  2:03  Adept x2  
  24  2:04  Warp Gate  
  24  2:06  Probe  
  29  2:12  Pylon  
  29  2:33  Stargate, Stalker  
  31  2:37  Stalker  
  33  3:02  Nexus  
  33  3:15  Phoenix (Chrono Boost)  
  33  3:17  Probe  
  36  3:24  Pylon  
  36  3:31  Phoenix  
  38  3:34  Probe  
  39  3:46  Probe  
  38  3:57  Robotics Facility  
  38  4:00  Probe  
  39  4:05  Phoenix  
  41  4:12  Probe (Chrono Boost)  
  41  4:14  Probe (Chrono Boost)  
  43  4:23  Probe x2 (Chrono Boost)  
  45  4:25  Pylon  
  45  4:28  Probe x2 (Chrono Boost)  
  45  4:30  Sentry  
  50  4:42  Twilight Council  
  50  4:44  Probe (Chrono Boost)  
  50  4:45  Stalker  
  53  4:48  Immortal, Probe (Chrono Boost)  
  57  4:58  Stalker  
  55  5:02  Probe  
  55  5:05  Probe  
  57  5:14  Assimilator, Probe (Chrono Boost)  
  58  5:17  Probe (Chrono Boost)  
  58  5:18  Assimilator, Pylon  
  58  5:21  Charge  
  59  5:26  Probe (Chrono Boost)  
  61  5:28  Gateway  
  61  5:29  Probe (Chrono Boost)  
  61  5:31  Observer  
  61  5:32  Probe (Chrono Boost)  
  61  5:34  Gateway, Probe (Chrono Boost)  
  63  5:41  Gateway  
  64  5:43  Probe  
  61  5:54  Probe  
  62  6:00  Gateway  
  62  6:03  Gateway  
  62  6:05  Templar Archives  
  62  6:06  Probe x2  
  64  6:12  Gateway  
  64  6:16  Warp Prism (Chrono Boost)  
  66  6:23  Pylon, Sentry  
  68  6:25  Zealot  
  68  6:30  Pylon  
  70  6:35  Zealot x2  
  70  6:39  Pylon  
  74  6:50  High Templar x2, Zealot  
  74  6:54  Archon  
  80  6:58  Pylon, Zealot x2  
  80  6:59  Pylon  
  84  7:12  Zealot  
  84  7:13  Zealot x2  
  88  7:20  High Templar  
  88  7:21  High Templar, Zealot  
  88  7:22  Zealot x2  
  98  7:25  Archon  
  98  7:28  Nexus  
  86  7:40  Zealot x3  
  86  7:43  Zealot  
Show
View Real Time Build Order
Export as new Build Order

ShaDoWn Protoss - Winner!

Build Orders: Phoenix Opening, Zealot Archon 

Get SALT Encoding   

  12  0:00  Probe  
  13  0:12  Probe  
  14  0:17  Pylon  
  14  0:24  Probe  
  15  0:36  Probe (Chrono Boost)  
  15  0:38  Gateway  
  16  0:47  Assimilator, Probe (Chrono Boost)  
  17  0:52  Probe (Chrono Boost)  
  17  0:55  Assimilator  
  18  1:03  Probe (Chrono Boost)  
  19  1:09  Gateway  
  19  1:14  Probe (Chrono Boost)  
  20  1:18  Probe (Chrono Boost)  
  21  1:26  Cybernetics Core  
  21  1:29  Probe  
  22  1:35  Pylon  
  22  1:41  Probe  
  23  1:53  Probe  
  24  2:03  Warp Gate, Stalker  
  24  2:05  Sentry  
  28  2:12  Probe  
  28  2:13  Pylon  
  30  2:34  Sentry  
  31  2:38  Nexus  
  31  2:40  Probe, Phoenix  
  32  2:44  Sentry  
  32  2:50  Shield Battery  
  34  2:52  Probe  
  35  3:03  Pylon  
  35  3:05  Probe  
  36  3:10  Stalker  
  38  3:17  Probe (Chrono Boost)  
  39  3:26  Twilight Council  
  39  3:29  Probe (Chrono Boost)  
  40  3:38  Pylon  
  40  3:44  Probe  
  40  3:48  Pylon  
  41  3:49  Probe  
  41  3:51  Stalker x2  
  44  3:56  Probe  
  45  4:02  Pylon  
  45  4:03  Probe, Blink (Chrono Boost)  
  45  4:08  Probe  
  47  4:16  Stalker  
  49  4:18  Stalker  
  49  4:22  Probe  
  49  4:23  Probe  
  53  4:34  Probe  
  53  4:35  Shield Battery, Probe  
  55  4:44  Adept x2  
  59  4:46  Probe  
  59  4:47  Probe  
  59  4:49  Pylon  
  61  4:58  Probe  
  61  4:59  Probe  
  55  5:07  Stalker x2  
  55  5:10  Probe  
  55  5:11  Probe  
  61  5:16  Nexus  
  61  5:23  Probe  
  61  5:25  Assimilator  
  62  5:29  Forge  
  62  5:31  Stalker  
  62  5:32  Sentry  
  67  5:35  Probe  
  67  5:37  Gateway  
  67  5:38  Probe  
  68  5:50  Charge (Chrono Boost)  
  68  5:55  Gateway  
  64  5:57  Gateway  
  64  5:58  Gateway  
  64  6:02  Gateway  
  64  6:04  Gateway  
  64  6:09  Stalker  
  66  6:13  Pylon  
  66  6:14  Stalker  
  68  6:27  Templar Archives  
  68  6:34  Stalker x2  
  68  6:36  Shield Battery  
  68  6:37  Zealot  
  74  6:48  Pylon  
  74  6:56  Zealot x3  
  74  6:58  Zealot x2  
  74  6:59  Zealot  
  74  7:00  Zealot  
  88  7:07  Zealot  
  85  7:18  Zealot x3  
  91  7:24  High Templar x2, Zealot x2  
  91  7:27  Pylon  
  91  7:28  Archon  
  99  7:34  Zealot  
  93  7:41  Zealot x3  
  85  7:45  Zealot x2  

Tags
 
Add a new tag
Caveats
  • Supply blocks, unpowered buildings, or Contaminate may cause inaccurate times.
  • Supply counts are checked every 10 seconds.